 Dungeon Crawl Stone Soup version 0.31.0-1-g2c135a008e (webtiles) character file.

Game seed: 6879903798991929119

218 qw the Shooter (level 6, 0/46 HPs)
             Began as a Djinni Hunter on Jan 24, 2024.
             Slain by a black bear (1 damage)
             ... on level 4 of the Dungeon.
             The game lasted 00:00:13 (2476 turns).

qw the Shooter (Djinni Hunter)                      Turns: 2476, Time: 00:00:14

Health: 0/46       AC:  5    Str: 10    XL:     6   Next: 17%
Gold:   99         EV: 16    Int: 11    God:
                   SH:  0    Dex: 18

rFire   + . .        a - +0 shortbow
rCold   . . .        (shield currently unavailable)
rNeg    . . .        e - +0 ring mail
rPois   inf          (no helmet)
rElec   .            (no cloak)
rCorr   .            (no gloves)
SInv    .            (boots unavailable)
Will    .....        (no amulet)
Stlth   +            d - +5 ring of evasion
HPRegen 0.27/turn    f - ring of ice
MPRegen 0.00/turn

%: infuse magic (-1 HP)
@: flying
A: sickness immunity, fire resistance 2, cold vulnerability 1, float, innate
caster, HP casting, extra vitality 1
a: no special abilities


You were on level 4 of the Dungeon.
You visited 1 branch of the dungeon, and saw 4 of its levels.

You collected 99 gold pieces.


Innate Abilities, Weirdness & Mutations

You are immune to sickness and miasma.
You are immune to poison.
Your flesh is very heat resistant. (rF++)
You are vulnerable to cold. (rC-)
You float through the air rather than walking.
You learn spells naturally, not from books.
Your magical power is your life essence.
You have superior vitality. (+4 MHP)


   Skills:
 + Level 3.1 Fighting
 - Level 5.0 Ranged Weapons
 - Level 1.0 Armour
 - Level 3.0 Dodging
 - Level 0.7 Stealth


You knew the following spells:

 Your Spells              Type           Power      Damage    Failure   Level
a - Apportation           Tloc           0%         N/A       65%         1
b - Static Discharge      Conj/Air       0%         3-3/arc   80%         2
Your spell library was empty.

Inventory:

Hand Weapons
 a - a +0 shortbow (weapon)
Armour
 e - a +0 ring mail (worn)
Jewellery
 d - a +5 ring of evasion (left hand)
 f - a ring of ice (right hand)
Scrolls
 c - a scroll of acquirement {unknown}
Potions
 b - a potion of curing
 g - a potion of invisibility {unknown}
 h - a potion of cancellation {unknown}
 i - a potion of resistance {unknown}
 j - a potion of enlightenment {unknown}

Dungeon Overview and Level Annotations

Branches:
Dungeon (4/15)
 Temple: D:4-7

Altars:
Fedhas
Zin


Message History

The arrow hits the ogre but does no damage.
The ogre is moderately wounded.
The black bear closely misses you. x2; The black bear claws you.
You shoot an arrow.
The arrow hits the black bear but does no damage.
The black bear bites you. The black bear barely misses you.
The black bear misses you.
You shoot an arrow. The arrow barely misses the black bear.
The arrow barely misses the ogre.
The black bear bites you.
The black bear claws you but does no damage.
The black bear barely misses you. The black bear misses you.
The black bear closely misses you. The black bear barely misses you.
You shoot an arrow.
The arrow hits the black bear but does no damage.
The black bear bites you. The black bear barely misses you.
The black bear claws you.
You shoot an arrow. The arrow hits the black bear.
The black bear is lightly wounded.
The black bear bites you but does no damage.
The black bear claws you but does no damage.
The black bear barely misses you.
You shoot an arrow.
The arrow hits the black bear but does no damage.
The black bear misses you. The black bear claws you.
The black bear claws you but does no damage.
You shoot an arrow. The arrow barely misses the black bear.
The arrow hits the ogre.
The ogre is heavily wounded.
The black bear barely misses you. The black bear closely misses you.
The black bear claws you but does no damage.
You shoot an arrow. The arrow hits the black bear.
The black bear is lightly wounded.
The black bear bites you. The black bear claws you. x2
The black bear closely misses you. The black bear claws you.
The black bear closely misses you.
You shoot an arrow. The arrow hits the black bear.
The black bear is lightly wounded.
The black bear barely misses you. The black bear claws you.
You die...

#..............#........
#...........#..........#
#.....(.................
#####.....>)..#####).......#
#...%....###### #OO.....##
#.######## #######5h......#
######.#### #.....#........#
..........########5.............#
.............%..@hO............#
..........########O.....#.....##
########### #.....##....##
#.....##<...# #.....#######
#.....# #.....# #######


You could see a black bear, 2 ogres and a white imp.

Vanquished Creatures
  An iguana (D:4)
  7 adders
  5 gnolls
  3 ribbon worms
  3 dart slugs
  3 orcs (D:4)
  6 endoplasms
  2 giant cockroaches
  7 goblins
  4 hobgoblins
  2 jackals (D:1)
  A quokka (D:4)
  10 ball pythons
  3 bats
  5 frilled lizards
  3 kobolds (D:1)
  3 rats
68 creatures vanquished.

Notes
Turn   | Place    | Note
-------+----------+-------------------------------------------
     0 | D:1      | qw the Djinni Hunter began the quest for the Orb.
     0 | D:1      | Reached XP level 1. HP: 18/18 MP: 0/0
     0 | D:1      | 0 ||| qw: Version: 0.3-a-136-gdd3b4e8
     0 | D:1      | 0 ||| qw: Game counter: 1335
     0 | D:1      | 0 ||| qw: Melee chars always use a shield: true
     0 | D:1      | 0 ||| qw: God list: Okawaru
     0 | D:1      | 0 ||| qw: Allow faded altars: false
     0 | D:1      | 0 ||| qw: Do Orc after clearing Dungeon:15 true
     0 | D:1      | 0 ||| qw: Do second Lair branch before Depths: true
     0 | D:1      | 0 ||| qw: Lair rune preference: random
     0 | D:1      | 0 ||| qw: Goals: Normal
     0 | D:1      | 0 ||| PLANNING D:1-11
   181 | D:1      | 181 ||| RETREEEEATING.
   192 | D:1      | Reached XP level 2. HP: 22/23 MP: 0/0
   209 | D:1      | Reached XP level 3. HP: 28/28 MP: 0/0
   209 | D:1      | Learned a level 1 spell: Apportation
   215 | D:1      | Reached skill level 4 in Ranged Weapons
   887 | D:1      | 887 ||| UPGRADING to +0 ring mail.
   897 | D:1      | 897 ||| DROPPING +0 leather armour.
   898 | D:1      | 898 ||| DRINKING 3 yellow potions.
   899 | D:1      | 899 ||| DROPPING scroll of butterflies.
   964 | D:2      | Reached skill level 1 in Armour
   964 | D:2      | Reached XP level 4. HP: 34/34 MP: 0/0
  1009 | D:2      | 1009 ||| RETREEEEATING.
  1010 | D:2      | 1010 ||| RETREEEEATING.
  1011 | D:2      | 1011 ||| RETREEEEATING.
  1013 | D:2      | 1013 ||| RETREEEEATING.
  1015 | D:2      | HP: 1/34 [gnoll/+0 halberd (15)]
  1016 | D:2      | 1016 ||| DRINKING 2 potions of heal wounds.
  1022 | D:2      | Reached skill level 3 in Fighting
  1024 | D:2      | HP: 7/35 [gnoll/+0 spear (4)]
  1025 | D:2      | 1025 ||| DRINKING potion of heal wounds.
  1036 | D:2      | Reached XP level 5. HP: 15/40 MP: 0/0
  1036 | D:2      | Learned a level 2 spell: Static Discharge
  1697 | D:2      | 1697 ||| UPGRADING to +5 ring of evasion.
  1698 | D:2      | 1698 ||| READING scroll labelled LUVUXAGGIO.
  1799 | D:2      | 1799 ||| READING scroll labelled OMAGAF WUEDDI.
  1799 | D:2      | 1799 ||| IDENTIFYING scroll labelled ECROCS XOFRIQE
  1800 | D:2      | 1800 ||| DROPPING scroll of blinking.
  2008 | D:3      | Found a blossoming altar of Fedhas.
  2129 | D:3      | Found a faded altar of an unknown god.
  2198 | D:3      | Found a glowing silver altar of Zin.
  2202 | D:3      | 2202 ||| UPGRADING to ring of ice.
  2203 | D:3      | 2203 ||| READING scroll of identify.
  2203 | D:3      | 2203 ||| IDENTIFYING murky ruby potion
  2204 | D:3      | 2204 ||| READING scroll labelled MUUNNEFISCH.
  2205 | D:3      | 2205 ||| READING scroll labelled CUCZESMYNE.
  2210 | D:3      | 2210 ||| READING scroll labelled CURYFU POGU.
  2328 | D:4      | Reached skill level 5 in Ranged Weapons
  2330 | D:4      | Reached XP level 6. HP: 36/46 MP: 0/0
  2396 | D:4      | Reached skill level 3 in Dodging
  2434 | D:4      | Noticed an ogre
  2439 | D:4      | Noticed a black bear
  2440 | D:4      | Noticed an ogre
  2441 | D:4      | 2441 ||| RETREEEEATING.
  2442 | D:4      | 2442 ||| RETREEEEATING.
  2443 | D:4      | 2443 ||| RETREEEEATING.
  2444 | D:4      | 2444 ||| RETREEEEATING.
  2445 | D:4      | 2445 ||| RETREEEEATING.
  2446 | D:4      | 2446 ||| RETREEEEATING.
  2447 | D:4      | 2447 ||| RETREEEEATING.
  2448 | D:4      | 2448 ||| RETREEEEATING.
  2449 | D:4      | 2449 ||| RETREEEEATING.
  2450 | D:4      | 2450 ||| RETREEEEATING.
  2451 | D:4      | 2451 ||| RETREEEEATING.
  2452 | D:4      | 2452 ||| RETREEEEATING.
  2452 | D:4      | HP: 11/46 [white imp/puff of frost (10)]
  2453 | D:4      | 2453 ||| DRINKING potion of heal wounds.
  2454 | D:4      | 2454 ||| RETREEEEATING.
  2455 | D:4      | 2455 ||| RETREEEEATING.
  2456 | D:4      | 2456 ||| RETREEEEATING.
  2457 | D:4      | 2457 ||| RETREEEEATING.
  2460 | D:4      | 2460 ||| RETREEEEATING.
  2461 | D:4      | 2461 ||| RETREEEEATING.
  2462 | D:4      | 2462 ||| RETREEEEATING.
  2463 | D:4      | 2463 ||| RETREEEEATING.
  2464 | D:4      | 2464 ||| RETREEEEATING.
  2465 | D:4      | 2465 ||| RETREEEEATING.
  2471 | D:4      | HP: 11/46 [black bear (2)]
  2475 | D:4      | HP: 5/46 [black bear (1)]
  2475 | D:4      | HP: 1/46 [black bear (4)]
  2476 | D:4      | Slain by a black bear

Levels and vault maps discovered:
D:1:      scummos_arrival_simple_fountains, layout_loops_corners,
          minmay_misc_feat_diagonals, serial_park_tiny_pond,
          minmay_misc_feat_tower, nicolae_wormholes
D:2:      layout_basic
D:3:      layout_rooms, zin_treasury, lemuel_doored_altar,
          ebering_ecumenical_altar_rust
D:4:      layout_rooms, worldfamousw_hep_ancestral_shrine,
          minmay_temple_entry_antechambers, uniq_menkaure

Skill      XL: |  1  2  3  4  5  6 |
---------------+-------------------+-----
Ranged Weapons | 4 5 |  5.0
Armour         | 1 |  1.0
Fighting       | 3 |  3.1
Dodging        | 3 |  3.0
Stealth        | |  0.7

Action                     |  1- 3 |  4- 6 || total
---------------------------+-------+-------++-------
   Fire: Shortbow          |    84 |   187 ||   271
    Use: Potion            |     1 |     3 ||     4
         Scroll            |       |     6 ||     6
 Armour: Leather armour    |    26 |       ||    26
         Ring mail         |     4 |    88 ||    92
  Dodge: Dodged            |    23 |   103 ||   126

Table legend:
 A = Non-vault XP
 B = Vault XP
 C = Vault XP percentage of total XP
 D = Non-vault monster count
 E = Vault monster count
 F = Vault count percentage of total count
                 A         B        C        D         E       F
            +---------+---------+-------+---------+---------+-------
      Total |     307 |       5 |   1.6 |      67 |       1 |   1.5
            +---------+---------+-------+---------+---------+-------
        D:1 |      50 |       5 |   9.1 |      20 |       1 |   4.8
        D:2 |     119 |       0 |   0.0 |      19 |       0 |   0.0
        D:3 |      46 |       0 |   0.0 |      13 |       0 |   0.0
        D:4 |      92 |       0 |   0.0 |      15 |       0 |   0.0
            +---------+---------+-------+---------+---------+-------
